Map: Jagannatha LE

Players

MysteryMan

  • Race: Zerg Zerg

Nice - Winner!

  • Race: Protoss Protoss

VOD

Have the link to the VOD?

Description

Time

  • Played on: Sept. 30, 2021, 7:20 a.m.
  • Length: 15:36
Show
View Real Time Build Order
Export as new Build Order

MysteryMan Zerg 

Build Orders: Hatch First 

Get SALT Encoding   

  12  0:00  Drone  
  13  0:12  Overlord  
  13  0:17  Drone  
  14  0:30  Drone x2  
  16  0:50  Hatchery  
  16  0:53  Drone  
  16  0:55  Drone  
  17  0:59  Drone  
  18  1:09  Extractor  
  17  1:14  Spawning Pool  
  17  1:17  Drone  
  17  1:20  Drone  
  18  1:28  Drone  
  19  1:38  Drone  
  20  1:49  Overlord  
  20  2:00  Queen  
  22  2:01  Queen  
  22  2:02  Zergling x2  
  22  2:03  Zergling x2  
  26  2:09  Metabolic Boost  
  26  2:13  Drone  
  27  2:16  Drone  
  27  2:22  Drone  
  29  2:23  Drone  
  30  2:34  Zergling x2  
  31  2:39  Drone  
  32  2:45  Hatchery  
  32  2:46  Zergling x2  
  32  2:50  Drone  
  33  2:55  Queen  
  35  3:00  Overlord  
  35  3:04  Zergling x2  
  34  3:13  Zergling x2  
  34  3:15  Drone  
  35  3:20  Spore Crawler  
  35  3:23  Drone x3  
  35  3:26  Drone  
  37  3:30  Drone x2  
  39  3:35  Spore Crawler  
  39  3:36  Drone  
  39  3:41  Drone  
  40  3:47  Drone  
  41  3:50  Queen  
  41  3:54  Drone  
  44  3:57  Overlord x2  
  44  4:03  Drone x3  
  44  4:06  Spore Crawler  
  44  4:09  Drone  
  47  4:11  Drone  
  47  4:12  Drone  
  47  4:14  Drone  
  50  4:17  Drone  
  50  4:23  Drone x2, Extractor  
  50  4:24  Drone  
  52  4:27  Drone x2  
  54  4:31  Roach Warren  
  54  4:32  Drone  
  54  4:36  Drone  
  54  4:37  Drone  
  56  4:39  Overlord  
  56  4:44  Drone x2  
  58  4:48  Extractor, Overlord  
  58  4:49  Extractor  
  58  4:52  Overlord  
  55  4:54  Drone x2  
  55  4:57  Queen  
  59  5:04  Queen  
  59  5:08  Zergling x2  
  59  5:10  Drone  
  59  5:14  Drone  
  59  5:16  Drone x2  
  59  5:19  Drone  
  61  5:27  Drone  
  62  5:33  Lair  
  62  5:34  Drone x5  
  66  5:39  Overlord  
  66  5:40  Drone  
  66  5:41  Drone  
  68  5:44  Drone x3  
  68  5:49  Drone x3  
  74  5:51  Drone  
  74  5:54  Overlord  
  75  6:00  Evolution Chamber, Overlord  
  75  6:02  Drone x2  
  75  6:03  Drone  
  77  6:08  Queen  
  77  6:10  Overlord  
  79  6:11  Overlord  
  79  6:18  Overlord  
  79  6:20  Drone x5  
  85  6:25  Drone  
  85  6:26  Drone x3, Extractor  
  85  6:27  Extractor  
  85  6:29  Zerg Missile Weapons Level 1  
  86  6:34  Infestation Pit  
  86  6:39  Queen  
  87  6:44  Hatchery  
  86  6:47  Queen  
  88  6:54  Spore Crawler  
  88  6:55  Drone x3, Spore Crawler x2  
  88  6:57  Zergling x10  
  93  7:07  Overlord  
  93  7:11  Pathogen Glands  
  93  7:12  Glial Reconstitution  
  93  7:13  Drone x2  
  95  7:20  Drone x3  
  95  7:21  Drone  
  95  7:22  Hive  
  99  7:23  Drone  
  99  7:25  Drone  
  99  7:28  Drone  
  99  7:29  Drone x3  
  103  7:33  Queen  
  103  7:37  Hatchery, Queen  
  104  7:50  Infestor x5  
  113  7:51  Infestor  
  113  7:57  Overlord x2  
  115  7:58  Overlord  
  115  8:09  Infestor x2, Baneling Nest  
  115  8:10  Evolution Chamber  
  117  8:16  Drone x6  
  117  8:19  Queen  
  123  8:24  Zerg Melee Weapons Level 1  
  125  8:28  Overlord  
  125  8:34  Overlord  
  125  8:36  Zerg Ground Armor Level 1  
  125  8:39  Infestor x2  
  129  8:42  Ultralisk Cavern  
  129  8:43  Roach x5  
  136  8:58  Lair  
  136  8:59  Hatchery  
  135  9:06  Infestor x3  
  135  9:08  Roach  
  143  9:12  Drone  
  143  9:13  Drone x5, Extractor  
  143  9:14  Extractor  
  147  9:22  Drone x3  
  149  9:31  Burrow  
  149  9:33  Ravager x2  
  149  9:35  Overlord x2  
  149  9:36  Zergling x12  
  157  9:53  Hatchery  
  156  10:03  Hive  
  156  10:04  Ultralisk, Centrifugal Hooks  
  162  10:09  Zergling x2  
  162  10:10  Zergling x12  
  169  10:21  Spire  
  169  10:22  Zergling x16  
  169  10:26  Ravager x3  
  179  10:34  Zerg Melee Weapons Level 2  
  180  10:43  Hatchery  
  179  10:50  Zerg Ground Armor Level 2  
  179  10:55  Drone, Spire  
  179  10:56  Drone, Overlord x4  
  180  11:01  Hatchery  
  179  11:09  Spore Crawler  
  178  11:12  Spore Crawler  
  178  11:15  Neural Parasite  
  178  11:17  Overlord x2  
  177  11:25  Zergling x2, Spore Crawler  
  176  11:26  Zergling x22, Spore Crawler x2  
  176  11:27  Spore Crawler  
  176  11:28  Spore Crawler  
  179  11:49  Zerg Flyer Weapons Level 1  
  179  11:55  Zergling x18  
  179  11:56  Zergling x2  
  179  11:57  Chitinous Plating  
  179  11:59  Baneling x2  
  179  12:00  Baneling x6  
  179  12:01  Baneling x2  
  189  12:05  Drone x4  
  189  12:06  Drone x4  
  197  12:20  Extractor  
  197  12:21  Extractor  
  193  12:41  Baneling x4  
  193  12:54  Corruptor x3  
  193  12:56  Greater Spire  
  193  13:09  Spore Crawler  
  193  13:10  Spore Crawler x2  
  193  13:12  Spore Crawler  
  189  13:13  Spore Crawler  
  189  13:14  Spore Crawler  
  189  13:15  Anabolic Synthesis, Spore Crawler x2  
  185  13:22  Corruptor  
  185  13:23  Corruptor x6  
  185  13:24  Hatchery  
  185  13:25  Spore Crawler  
  185  13:26  Spore Crawler x2  
  194  13:34  Drone x5  
  194  13:35  Drone  
  200  13:45  Infestor x12  
  200  14:22  Extractor  
  200  14:23  Extractor  
  153  14:48  Corruptor x5  
  153  14:49  Corruptor x14  
  166  14:58  Corruptor x3  
  159  15:05  Corruptor  
  159  15:06  Corruptor x3  
Show
View Real Time Build Order
Export as new Build Order

Nice Protoss - Winner!

Build Orders: 1 Gate Expand, Oracle Opening, Carriers 

Get SALT Encoding   

  12  0:00  Probe  
  13  0:12  Probe  
  14  0:20  Pylon  
  14  0:24  Probe  
  15  0:38  Probe (Chrono Boost)  
  15  0:41  Gateway  
  17  0:50  Probe (Chrono Boost)  
  17  0:51  Assimilator  
  17  0:55  Probe (Chrono Boost)  
  18  1:04  Probe  
  19  1:16  Probe  
  20  1:28  Cybernetics Core  
  20  1:38  Nexus  
  20  1:46  Pylon  
  20  1:51  Assimilator  
  20  1:53  Probe  
  21  2:04  Adept (Chrono Boost)  
  21  2:05  Probe  
  24  2:18  Probe  
  25  2:24  Adept (Chrono Boost)  
  27  2:30  Probe  
  27  2:33  Stargate  
  28  2:42  Probe (Chrono Boost)  
  29  2:47  Adept  
  31  2:52  Warp Gate  
  31  2:53  Probe (Chrono Boost)  
  33  3:00  Probe (Chrono Boost)  
  33  3:03  Probe (Chrono Boost)  
  33  3:05  Gateway  
  34  3:07  Probe (Chrono Boost)  
  34  3:08  Probe (Chrono Boost)  
  36  3:15  Oracle (Chrono Boost)  
  37  3:28  Probe x2  
  37  3:30  Adept  
  41  3:39  Void Ray (Chrono Boost), Shield Battery  
  41  3:40  Probe x2  
  41  3:41  Pylon  
  45  3:52  Probe  
  46  3:57  Pylon  
  46  3:59  Probe  
  47  4:04  Probe  
  47  4:05  Pylon  
  47  4:08  Assimilator  
  48  4:11  Void Ray, Probe  
  48  4:12  Assimilator  
  50  4:17  Probe (Chrono Boost)  
  50  4:23  Probe (Chrono Boost)  
  56  4:34  Probe (Chrono Boost), Pylon  
  56  4:35  Probe (Chrono Boost)  
  57  4:38  Probe (Chrono Boost)  
  57  4:42  Probe  
  57  4:44  Pylon  
  57  4:45  Adept  
  61  4:48  Void Ray (Chrono Boost)  
  61  4:51  Probe  
  62  4:54  Probe  
  67  5:03  Probe  
  67  5:06  Probe  
  67  5:15  Nexus  
  67  5:16  Probe  
  67  5:19  Probe  
  69  5:22  Stargate  
  69  5:23  Forge  
  69  5:28  Probe  
  70  5:31  Probe  
  70  5:33  Void Ray (Chrono Boost)  
  69  5:38  Adept  
  69  5:39  Pylon, Shield Battery  
  69  5:40  Probe  
  76  5:43  Probe  
  76  5:46  Shield Battery  
  77  6:00  Void Ray (Chrono Boost)  
  77  6:01  Probe x2  
  79  6:06  Photon Cannon  
  79  6:08  Photon Cannon  
  87  6:19  Void Ray (Chrono Boost), Probe x2  
  87  6:23  Robotics Facility  
  89  6:30  Void Ray  
  89  6:31  Probe  
  89  6:32  Probe  
  95  6:41  Probe  
  95  6:42  Assimilator  
  95  6:43  Adept, Probe  
  95  6:44  Assimilator  
  99  6:49  Void Ray  
  99  6:50  Probe  
  99  6:52  Pylon x2  
  99  6:53  Probe  
  105  7:02  Protoss Air Weapons Level 1 (Chrono Boost)  
  105  7:07  Void Ray  
  105  7:09  Photon Cannon  
  105  7:10  Pylon  
  105  7:11  Stargate  
  105  7:14  Robotics Bay  
  109  7:22  Observer (Chrono Boost)  
  110  7:32  Probe x2  
  110  7:36  Probe  
  109  7:41  Photon Cannon  
  109  7:42  Photon Cannon  
  109  7:44  Photon Cannon, Probe  
  109  7:45  Photon Cannon, Probe  
  109  7:47  Photon Cannon, Shield Battery  
  109  7:49  Shield Battery  
  109  7:50  Shield Battery  
  111  7:53  Pylon  
  111  7:55  Photon Cannon  
  111  8:00  Fleet Beacon  
  111  8:12  Gateway  
  111  8:13  Gateway, Nexus  
  111  8:14  Probe, Pylon  
  111  8:15  Gateway, Probe x2  
  111  8:16  Twilight Council  
  114  8:23  Stargate  
  114  8:36  Probe x2  
  114  8:40  Photon Cannon  
  114  8:41  Shield Battery  
  116  8:43  Assimilator  
  116  8:48  Carrier x2 (Chrono Boost)  
  128  8:49  Assimilator  
  134  8:55  Flux Vanes  
  134  8:56  Charge (Chrono Boost)  
  134  8:58  Carrier (Chrono Boost)  
  130  9:03  Probe  
  130  9:04  Probe  
  130  9:05  Probe  
  130  9:07  Templar Archives  
  133  9:16  Probe x2  
  139  9:23  Robotics Facility, Disruptor (Chrono Boost)  
  139  9:27  Carrier (Chrono Boost)  
  144  9:37  Photon Cannon  
  144  9:38  Photon Cannon  
  144  9:39  Shield Battery  
  144  9:51  Protoss Air Weapons Level 2 (Chrono Boost)  
  144  9:52  Carrier, Disruptor (Chrono Boost)  
  153  10:00  Pylon  
  153  10:02  Carrier (Chrono Boost)  
  153  10:06  Gravitic Boosters (Chrono Boost)  
  165  10:26  Carrier (Chrono Boost), Pylon  
  165  10:27  Carrier (Chrono Boost)  
  165  10:35  Nexus  
  171  10:39  Pylon  
  171  10:42  Pylon  
  171  10:45  Assimilator  
  171  10:50  Photon Cannon  
  171  10:51  Shield Battery  
  171  10:55  Photon Cannon x2  
  171  10:57  Mothership (Chrono Boost)  
  171  10:58  Carrier (Chrono Boost)  
  171  10:59  Pylon  
  171  11:03  Pylon  
  185  11:08  Assimilator  
  185  11:12  Protoss Shields Level 1  
  185  11:13  Disruptor  
  185  11:14  Gravitic Drive  
  188  11:31  Carrier  
  194  11:40  Zealot x3  
  200  12:02  Photon Cannon  
  200  12:04  Photon Cannon  
  200  12:06  Photon Cannon  
  200  12:10  Shield Battery  
  200  12:11  Shield Battery  
  200  12:12  Pylon  
  200  12:36  Stargate  
  194  12:38  Protoss Air Weapons Level 3 (Chrono Boost), Stargate  
  194  12:39  Stargate  
  194  12:40  Disruptor (Chrono Boost)  
  197  13:00  Photon Cannon  
  197  13:03  Warp Prism (Chrono Boost), Pylon  
  196  13:28  Protoss Ground Weapons Level 1 (Chrono Boost)  
  196  13:29  Warp Prism (Chrono Boost)  
  198  13:42  Gateway  
  198  13:44  Gateway  
  198  13:46  Gateway  
  198  13:49  Gateway  
  198  13:50  Photon Cannon  
  198  13:51  Pylon  
  198  13:52  Photon Cannon, Observer  
  198  13:53  Photon Cannon  
  198  13:54  Photon Cannon  
  199  13:56  Photon Cannon, Shield Battery  
  199  13:58  Photon Cannon  
  199  14:01  Pylon  
  199  14:13  Observer  
  190  14:54  Zealot x5  
  190  15:14  Zealot x5  
Tags
 
Add a new tag
Caveats
  • Supply blocks, unpowered buildings, or Contaminate may cause inaccurate times.
  • Supply counts are checked every 10 seconds.